 Dungeon Crawl Stone Soup version 0.23.2-40-g277498a001 (webtiles) character file.

Game seed: 3812595281527125213

10171 Brecoman the Blocker (level 11, -2/103 HPs)
             Began as a Deep Dwarf Fighter on Aug 19, 2019.
             Was an Elder of Makhleb.
             Slain by a komodo dragon (15 damage)
             ... on level 11 of the Dungeon.
             The game lasted 00:30:01 (9959 turns).

Brecoman the Blocker (Deep Dwarf Fighter)           Turns: 9959, Time: 00:30:02

Health: -2/103     AC: 13    Str: 22    XL:     11   Next: 32%
Magic:  13/13      EV: 11    Int: 10    God:    Makhleb [****..]
Gold:   459        SH: 12    Dex: 17    Spells: 10/10 levels left

rFire    . . .     SeeInvis +   a - +1 war axe
rCold    . . .     Gourm    .   c - +0 shield
rNeg     . . .     Faith    .   o - +0 chain mail
rPois    .         Spirit   .   r - +1 hat
rElec    .         Reflect  .   (no cloak)
rCorr    .         Harm     .   (no gloves)
MR       +....                  m - +1 pair of boots
Stlth    ..........             (no amulet)
HPRegen  0.00/turn              K - ring of see invisible
MPRegen  0.13/turn              g - +5 ring of dexterity

@: non-regenerating, lightly drained
A: damage resistance, heal wounds, sense surroundings 2, no regeneration
a: Heal Wounds, Minor Destruction, Lesser Servant of Makhleb, Major Destruction,
Renounce Religion


You were on level 11 of the Dungeon.
You worshipped Makhleb.
Makhleb was greatly pleased with you.
You were not hungry.

You visited 2 branches of the dungeon, and saw 12 of its levels.
You also visited: Sewer and Ossuary.

You collected 459 gold pieces.

Inventory:

Hand Weapons
 a - a +1 war axe (weapon)
 b - a +2 hunting sling of freezing
Missiles
 i - 391 stones (quivered)
 t - 47 sling bullets
Armour
 c - a +0 shield (worn)
 m - a +1 pair of boots (worn)
 o - a +0 chain mail (worn)
 r - a +1 hat (worn)
 s - a +0 scale mail
Jewellery
 g - a +5 ring of dexterity (right hand)
 n - an uncursed ring of protection from fire
 q - an uncursed ring of flight
 K - a ring of see invisible (left hand)
Wands
 h - a wand of digging (4)
 z - a wand of random effects (26)
 M - a wand of polymorph (5)
Scrolls
 e - 5 scrolls of teleportation
 k - 14 scrolls of identify
 u - 7 scrolls of remove curse
 v - 2 scrolls of amnesia
 x - a scroll of fear {unknown}
 y - a scroll of immolation
 H - a scroll of summoning {unknown}
 I - 2 scrolls of magic mapping
 N - a scroll of enchant armour
Potions
 d - 3 potions of might
 j - 8 potions of heal wounds
 l - 2 potions of brilliance {unknown}
 p - 10 potions of curing
 w - 2 potions of agility {unknown}
 A - 2 potions of haste {unknown}
 B - 3 potions of ambrosia {unknown}
 C - 3 potions of lignification {unknown}
 D - 2 potions of resistance {unknown}
 E - 2 potions of invisibility {unknown}
 F - a potion of mutation {unknown}
 G - a potion of berserk rage {unknown}
 J - 2 potions of flight {unknown}
Comestibles
 f - 24 rations
 L - 17 chunks of flesh


   Skills:
 + Level 8.1(7.9) Fighting
 + Level 9.3(9.2) Axes
 + Level 5.3(5.1) Armour
 - Level 8.0(7.9) Dodging
 + Level 9.6(9.5) Shields
 + Level 9.1(9.0) Invocations


You had 10 spell levels left.
You didn't know any spells.
Your spell library contained the following spells:

 Spells                   Type           Power        Failure   Level  Hunger
 Beastly Appendage        Tmut           #.....       99%         1    ##.....
 Sticks to Snakes         Tmut           #.......     100%        2    ###....
 Spider Form              Tmut/Pois      #.........   100%        3    ####...
 Ice Form                 Ice/Tmut       #.......     100%        4    #####..
 Blade Hands              Tmut           #.........   100%        5    ######.


Dungeon Overview and Level Annotations

Branches:
Dungeon (11/15)            Temple (1/1) D:4            Lair (0/6) D:11
    Orc (0/2) D:9

Altars:
Ashenzari
Cheibriados
Dithmenos
Fedhas
Gozag
Hepliaklqana
Kikubaaqudgha
Makhleb
Nemelex Xobeh
Okawaru
Qazlal
Ru
Sif Muna
Uskayaw
Vehumet
Wu Jian
Xom
Yredelemnul
Zin
The Shining One
Beogh

Annotations:
D:6 exclusion: electric eel


Innate Abilities, Weirdness & Mutations

You are resistant to damage.
You can heal yourself by infusing magical energy.
You passively map the area around you.
You do not regenerate.


Message History

You block the komodo dragon's attack.
You closely miss the komodo dragon.
The komodo dragon is moderately wounded.
You block the komodo dragon's attack.
You barely miss the komodo dragon.
The komodo dragon is moderately wounded.
You slash the phantom! You block the komodo dragon's attack.
The phantom hits you but does no damage.
You slice the komodo dragon!!
The komodo dragon is severely wounded.
You hit the phantom but do no damage. The komodo dragon bites you!!
You block the phantom's attack. The komodo dragon bites you!!
* * * LOW HITPOINT WARNING * * *
Your chain mail prevents you from hitting the komodo dragon.
The komodo dragon is severely wounded.
You closely miss the phantom. You block the phantom's attack.
The komodo dragon barely misses you.
You fail to use your ability.
You block the phantom's attack. The komodo dragon bites you!
You die...

* *
.......##.#.###..... ,
**#...................
* * ,
#.##....#..####.....
,, # * #.......#..#
#....<
##.######.....#..#
#..รท.. ,,,
........#.....#..#
#..... , *
........#.....)..#
#.....
........#)W..###.#
##..... *
#.......l@#.## #.#
#..#.#. , *
#>......###... ..#
#.##.#. ,, , .........
.......# #.##.#.
*#................#
#.##.#.
................##
#.##... ,
#######.........#
#.##### , , ,
#.........# #.##### *
, ,,,, ........ ,*
#...... , > , ####...


You could see a komodo dragon and a phantom.

Vanquished Creatures
  Snorg (D:10)
  A two-headed ogre (D:9)
  An unseen horror (D:11)
  A manticore (D:11)
  A centaur skeleton (D:10)
  A hornet (D:9)
  2 hippogriffs
  A wraith (D:10)
  Eustachio (D:4)
  A yak (D:7)
  2 hogs (D:7)
  3 humans (D:7)
  2 porcupines (D:11)
  A water moccasin (D:10)
  4 sky beasts
  4 orc warriors
  An ice beast (D:8)
  A phantom (D:8)
  3 ogres
  A hornet zombie (D:10)
  2 necrophages
  6 centaurs
  A crocodile (D:10)
  Blork the orc (D:6)
  6 bullfrogs
  2 scorpions (D:8)
  9 killer bees
  7 wights
  3 electric eels (D:6)
  4 howler monkeys (D:10)
  5 crimson imps
  5 hounds
  A human zombie (Ossuary)
  5 orc priests (D:9)
  4 jellies
  9 orc wizards
  2 iguanas
  5 worker ants
  A big kobold zombie (Ossuary)
  2 hound zombies
  3 mummies (Ossuary)
  A howler monkey zombie (D:5)
  2 worker ant zombies
  A gnoll (D:9)
  11 adders
  8 river rats (Sewer)
  5 shadow imps
  2 oozes
  An adder skeleton (D:5)
  2 worms
  3 dart slugs
  12 leopard geckos
  39 orcs
  8 bats
  5 giant cockroaches
  A gnoll zombie (Ossuary)
  10 goblins
  7 hobgoblins
  10 jackals
  6 quokkas
  5 ball pythons
  4 frilled lizards (D:1)
  A giant cockroach zombie (D:5)
  2 goblin zombies (Ossuary)
  2 hobgoblin zombies (Ossuary)
  23 kobolds
  An orc zombie (Ossuary)
  2 quokka skeletons
  22 rats
  A fungus (D:11)
313 creatures vanquished.

Vanquished Creatures (collateral kills)
  A two-headed ogre (D:9)
  A yak (D:7)
  A crocodile (D:11)
  2 bullfrogs (D:11)
  A hound (D:9)
6 creatures vanquished.

Vanquished Creatures (others)
  4 fungi (D:11)
  3 plants (D:11)
7 creatures vanquished.

Grand Total: 326 creatures vanquished

Notes
Turn   | Place    | Note
-------+----------+-------------------------------------------
     0 | D:1      | Brecoman the Deep Dwarf Fighter began the quest for the
                  | Orb.
     0 | D:1      | Reached XP level 1. HP: 20/20 MP: 1/1
   145 | D:1      | Reached XP level 2. HP: 14/27 MP: 2/2
   249 | D:1      | Reached skill level 1 in Dodging
   402 | D:1      | Reached XP level 3. HP: 18/34 MP: 3/3
  1084 | D:2      | Reached XP level 4. HP: 37/42 MP: 4/4
  1533 | D:2      | Found a stormy altar of Qazlal.
  2450 | D:3      | Reached XP level 5. HP: 30/49 MP: 5/5
  2734 | D:4      | Found a staircase to the Ecumenical Temple.
  2739 | Temple   | Entered the Ecumenical Temple
  2857 | Temple   | Became a worshipper of Makhleb the Destroyer
  2977 | D:4      | Found a sparkling altar of Nemelex Xobeh.
  3210 | D:4      | Found a glowing drain.
  3228 | Sewer    | Entered a sewer
  3481 | Sewer    | Reached * piety under Makhleb
  3566 | Sewer    | Reached XP level 6. HP: 46/57 MP: 6/6
  3668 | Sewer    | Reached ** piety under Makhleb
  3909 | D:4      | Noticed Eustachio
  3924 | D:4      | Killed Eustachio
  3924 | D:4      | Reached skill level 5 in Shields
  4218 | D:5      | Entered Level 5 of the Dungeon
  4262 | D:5      | Reached XP level 7. HP: 44/64 MP: 7/7
  4747 | D:6      | Reached skill level 5 in Axes
  4758 | D:6      | Reached skill level 1 in Invocations
  4859 | D:6      | Found a sand-covered staircase.
  4881 | Ossuary  | Entered an ossuary
  4940 | Ossuary  | Reached XP level 8. HP: 38/73 MP: 8/8
  4987 | Ossuary  | Reached *** piety under Makhleb
  5105 | Ossuary  | Reached skill level 5 in Fighting
  5156 | D:6      | Reached skill level 5 in Dodging
  6019 | D:6      | Noticed Blork the orc
  6033 | D:6      | Killed Blork the orc
  6554 | D:7      | Found an iron altar of Okawaru.
  6574 | D:7      | Gained mutation: You passively map the area around you.
                  | [Deep Dwarf growth]
  6574 | D:7      | Reached XP level 9. HP: 50/82 MP: 9/9
  6679 | D:7      | Found a glowing golden altar of the Shining One.
  6785 | D:7      | Reached skill level 5 in Invocations
  7168 | D:8      | Reached **** piety under Makhleb
  7743 | D:8      | Found a sacrificial altar of Ru.
  7749 | D:8      | Found a shattered altar of Ashenzari.
  7749 | D:8      | Found an ornate altar of the Wu Jian Council.
  7751 | D:8      | Found a snail-covered altar of Cheibriados.
  7752 | D:8      | Found a blossoming altar of Fedhas.
  7753 | D:8      | Found an opulent altar of Gozag.
  7966 | D:9      | Reached XP level 10. HP: 91/91 MP: 10/10
  8081 | D:9      | Noticed a two-headed ogre
  8101 | D:9      | Killed a two-headed ogre
  8122 | D:9      | Found a staircase to the Orcish Mines.
  8299 | D:9      | Found a roughly hewn altar of Beogh.
  8473 | D:9      | Noticed a two-headed ogre
  8481 | D:9      | Killed a two-headed ogre
  8679 | D:9      | Found a hazy altar of Hepliaklqana.
  8761 | D:9      | Found a shimmering altar of Xom.
  8908 | D:10     | Entered Level 10 of the Dungeon
  9154 | D:10     | Noticed Snorg
  9223 | D:10     | Killed Snorg
  9352 | D:10     | Reached XP level 11. HP: 90/102 MP: 13/13
  9687 | D:11     | Noticed an unseen horror
  9707 | D:11     | Found a staircase to the Lair.
  9786 | D:11     | Killed an unseen horror
  9786 | D:11     | Reached skill level 5 in Armour
  9959 | D:11     | Slain by a komodo dragon

Skill      XL: |  1  2  3  4  5  6  7  8  9 10 11 |
---------------+----------------------------------+-----
Dodging        | 1 2 3 4 6 7 8 |  8.0
Fighting       | 3 4 5 6 7 8 |  8.1
Axes           | 3 4 5 6 7 8 9 |  9.3
Shields        | 4 5 6 8 9 |  9.6
Invocations    | 1 4 6 8 9 |  9.1
Armour         | 4 5 |  5.3

Action                   |  1- 3 |  4- 6 |  7- 9 | 10-12 || total
-------------------------+-------+-------+-------+-------++-------
Melee: War axe           |   121 |   264 |   541 |   358 ||  1284
 Fire: Hunting sling     |       |    27 |       |       ||    27
Throw: Throwing net      |     1 |       |       |       ||     1
Invok: Minor Destruction |       |       |     7 |     7 ||    14
       Lesser Servant of |       |       |     2 |     3 ||     5
       Major Destruction |       |       |       |     1 ||     1
 Abil: Heal Wounds       |     1 |     2 |    11 |    15 ||    29
  Use: Scroll            |       |     7 |       |     7 ||    14
  Eat: Chunk             |     1 |    10 |    14 |     7 ||    32
Armor: Scale mail        |    52 |    17 |       |       ||    69
       Chain mail        |       |   151 |   265 |   152 ||   568
Dodge: Dodged            |    36 |    95 |   190 |   238 ||   559
Block: Shield            |    56 |   176 |   327 |   335 ||   894
